 Dungeon Crawl Stone Soup version 0.17-a0-1900-g45e8110 (webtiles) character file.

2419 derrpe the Grappler (level 9, -6/70 HPs)
             Began as a Ghoul Monk on Sept 24, 2015.
             Was a High Priest of Dithmenos.
             Mangled by Joseph
             ... wielding a +4 quarterstaff of protection
              (18 damage)
             ... on level 7 of the Dungeon.
             The game lasted 00:17:42 (6895 turns).

derrpe the Grappler (Ghoul Monk)                    Turns: 6895, Time: 00:17:42

Health: -6/70      AC:  4    Str: 15    XL:     9   Next: 48%
Magic:  17/17      EV: 13    Int:  6    God:    Dithmenos [*****.]
Gold:   154        SH:  0    Dex: 13    Spells: 0 memorised, 8 levels left

rFire  + . .     SeeInvis .       - Unarmed
rCold  + + +     Clarity  .     v - +2 robe of Imperfection {rF+ rC++ MP+9 Stlth+}
rNeg   + + +     SustAt   .     (no shield)
rPois  ∞         Gourm    .     (no helmet)
rElec  .         Spirit   .     (no cloak)
rCorr  .         Warding  .     (no gloves)
rMut   .         Stasis   .     (no boots)
MR     .....                    w - amulet of regeneration
Stlth  ++++++++..               (no ring)
                                (no ring)

@: rotting, wreathed by umbra, not resistant to hostile enchantments,
extraordinarily stealthy
A: rotting body, claws 1, carnivore 3, cold resistance 1, negative energy
resistance 3, slow healing 1, torment resistance, unbreathing
a: Shadow Step, Shadow Form, Renounce Religion


You were on level 7 of the Dungeon.
You worshipped Dithmenos.
Dithmenos was extremely pleased with you.
You were not hungry.

You visited 1 branch of the dungeon, and saw 7 of its levels.
You also visited: Ossuary.

You collected 364 gold pieces.
You spent 210 gold pieces at shops.

Inventory:

Armour
 l - a +2 ring mail of fire resistance
 v - the +2 robe of Imperfection (worn) {rF+ rC++ MP+9 Stlth+}
   (You found it on level 5 of the Dungeon)

   It protects you from fire.
   It greatly protects you from cold.
   It affects your magic capacity (+9).
   It makes you more stealthy.
Jewellery
 w - an amulet of regeneration (around neck)
Scrolls
 a - 5 scrolls of identify
 d - 2 scrolls of teleportation
 f - 3 scrolls of recharging
 g - 5 scrolls of fear
 h - 5 scrolls of remove curse
 j - a scroll of silence
 m - a scroll of random uselessness
 n - a scroll of amnesia
 o - a scroll of fog
 p - 2 scrolls of enchant weapon
 t - a scroll of blinking
 u - a scroll of enchant armour
 x - a scroll of noise {unknown}
Potions
 c - a potion of might
 e - 4 potions of curing
 i - 7 potions of brilliance
 q - a potion of invisibility
 z - a potion of berserk rage
Books
 s - a book of Battle

   Spells                             Type                      Level
   a - Infusion                       Charms                       1
   b - Shroud of Golubria             Charms/Translocation         2
   c - Song of Slaying                Charms                       2
   d - Spectral Weapon                Hexes/Charms                 3
   e - Regeneration                   Charms/Necromancy            3
Comestibles
 b - a meat ration {@e2}
 k - a royal jelly
 r - a slice of pizza


   Skills:
 + Level 3.5 Fighting
 + Level 3.0 Dodging
 + Level 8.6 Stealth
 * Level 11.7 Unarmed Combat
 + Level 0.0 Invocations


You had 8 spell levels left.
You didn't know any spells.

Dungeon Overview and Level Annotations

Branches:
Dungeon (7/15)             Temple (0/1) D:5

Altars:
Dithmenos
Makhleb
Qazlal
Sif Muna
Trog
Vehumet
The Shining One

Shops:
D:5 *   D:6 (

Annotations:
D:4 ololoev's ghost, weakling HOGl
D:7 Joseph


Innate Abilities, Weirdness & Mutations

Your body is rotting away.
You thrive on raw meat.
You are immune to poison.
You have sharp fingernails.
You are carnivorous and can eat meat at any time.
Your flesh is cold resistant.
You are immune to negative energy.
You heal slowly when monsters are visible.
You are immune to unholy pain and torment.
You can survive without breathing.


Message History

Joseph hits you with a quarterstaff of protection.
You barely miss Joseph.
Joseph is lightly wounded.
You scratch Joseph.
Joseph is lightly wounded.
Joseph barely misses you.
You barely miss Joseph.
Joseph is lightly wounded.
Joseph hits you with a quarterstaff of protection!!
* * * LOW HITPOINT WARNING * * *
You scratch Joseph.
Joseph is moderately wounded.
You scratch Joseph.
Joseph is moderately wounded.
Joseph hits you with a quarterstaff of protection!
* * * LOW HITPOINT WARNING * * *
You scratch Joseph.
Joseph is moderately wounded.
Joseph hits you with a quarterstaff of protection!!
You die...

#.#....#.###.#..###
#.#.#..#.....#....#
#..............##.#
###.#############.#
# #........ ..#.# #
######### #.#.#
###############.#.#
..............#@#.#
#############.#.@.#
..............#####
###############


You could see Joseph.

Vanquished Creatures
  A troll (D:5)
  A black bear (D:7)
  2 ogres
  3 sky beasts
  An ice beast (D:5)
  A centaur (D:7)
  A giant frog (D:6)
  Blork the orc (D:4)
  2 scorpions (D:4)
  The ghost of ololoev the Chopper, a weakling HOGl (D:5)
  6 bog bodies (Ossuary)
  2 hounds
  2 crimson imps
  4 orc priests
  2 jellies
  A giant frog zombie (D:6)
  3 worker ants
  Natasha (thrice) (D:4)
  7 orc wizards
  A hound skeleton (D:6)
  2 hound zombies (Ossuary)
  5 mummies (Ossuary)
  3 worker ant zombies (Ossuary)
  9 adders
  4 shadow imps
  An ooze (D:4)
  5 adder zombies
  2 worms (D:2)
  5 giant geckos
  27 orcs
  7 bats
  7 giant cockroaches
  6 goblins
  8 hobgoblins
  11 jackals
  A quokka (D:5)
  A giant cockroach zombie (Ossuary)
  A giant gecko skeleton (D:4)
  3 giant gecko zombies (Ossuary)
  5 giant newts
  A jackal skeleton (D:4)
  A jackal zombie (Ossuary)
  4 kobolds
  4 quokka zombies
  3 rats
171 creatures vanquished.

Notes
Turn   | Place    | Note
--------------------------------------------------------------
     0 | D:1      | derrpe the Ghoul Monk began the quest for the Orb.
     0 | D:1      | Reached XP level 1. HP: 19/19 MP: 0/0
   249 | D:1      | Reached XP level 2. HP: 26/26 MP: 1/1
   835 | D:2      | Found a faded altar to an unknown god.
   841 | D:2      | Became a worshipper of Dithmenos the Shadowed
   841 | D:2      | Acquired Dithmenos's first power
   843 | D:2      | Reached XP level 3. HP: 30/30 MP: 2/2
   857 | D:2      | Acquired Dithmenos's second power
   907 | D:2      | Reached skill level 5 in Unarmed Combat
  1019 | D:2      | Reached XP level 4. HP: 34/38 MP: 3/3
  1217 | D:2      | Found a bloodstained altar of Trog.
  1225 | D:2      | Found a deep blue altar of Sif Muna.
  1235 | D:2      | Found a stormy altar of Qazlal.
  1312 | D:2      | Found a glowing golden altar of the Shining One.
  1515 | D:3      | Found a burning altar of Makhleb.
  1534 | D:3      | Reached XP level 5. HP: 39/45 MP: 4/4
  1609 | D:3      | Reached skill level 6 in Unarmed Combat
  1827 | D:3      | Acquired Dithmenos's third power
  2119 | D:4      | Noticed Blork the orc
  2140 | D:4      | Killed Blork the orc
  2140 | D:4      | Reached XP level 6. HP: 28/51 MP: 5/5
  2187 | D:4      | Noticed Natasha
  2196 | D:4      | Killed Natasha
  2239 | D:4      | Reached skill level 7 in Unarmed Combat
  2250 | D:4      | Noticed ololoev's ghost (weakling HOGl)
  2268 | D:4      | HP: 1/51 [ololoev's ghost (8)]
  2294 | D:4      | Noticed Natasha
  2697 | D:4      | Noticed an ogre
  2709 | D:4      | Killed an ogre
  2709 | D:4      | Reached skill level 5 in Stealth
  2709 | D:4      | Reached XP level 7. HP: 33/57 MP: 6/6
  2727 | D:4      | Killed Natasha
  3057 | D:4      | Noticed Natasha
  3070 | D:4      | Killed Natasha
  3089 | D:4      | Reached skill level 8 in Unarmed Combat
  3267 | D:5      | Entered Level 5 of the Dungeon
  3387 | D:5      | Found a sand-covered staircase.
  3392 | Ossuary  | Entered an ossuary
  3486 | Ossuary  | Reached XP level 8. HP: 58/63 MP: 7/7
  3559 | Ossuary  | Reached skill level 9 in Unarmed Combat
  3742 | Ossuary  | HP: 3/63 [decayed bog body (9)]
  4232 | Ossuary  | Acquired Dithmenos's fourth power
  4552 | D:5      | Found Valan's General Store.
  4560 | D:5      | Bought a scroll of blinking for 105 gold pieces
  4560 | D:5      | Bought a scroll of enchant armour for 105 gold pieces
  4677 | D:5      | Found a staircase to the Ecumenical Temple.
  4804 | D:5      | Reached skill level 10 in Unarmed Combat
  4821 | D:5      | Got a brightly glowing robe
  4832 | D:5      | Identified the +2 robe of Imperfection {rF+ rC++ MP+9 Stlth+} (You found it on level 5 of the Dungeon)
  5245 | D:6      | Noticed a troll
  5394 | D:6      | Reached XP level 9. HP: 48/70 MP: 8/8
  5536 | D:6      | Found Ahudd's Weapon Boutique.
  5667 | D:5      | Killed a troll
  5667 | D:5      | Reached skill level 11 in Unarmed Combat
  5987 | D:7      | Found a radiant altar of Vehumet.
  6571 | D:5      | Killed ololoev's ghost
  6883 | D:7      | Noticed Joseph
  6895 | D:7      | Mangled by Joseph

Vault maps used:
D:1:      shiori_shiawase
D:2:      nicolae_tso_carved_into_rock, minmay_overflow_temple_star_quad,
          ecumenical_altar_1
D:3:      makhleb_heckhound_becter
D:4:      first_bread, uniq_natasha, uniq_blork_the_orc
D:5:      minmay_temple_entry_statues_fountains, enter_ossuary_2, serial_shops,
          nicolae_shop_stone
D:6:      serial_shops, kennysheep_mini
D:7:      basic_altar, uniq_duvessa, uniq_joseph
Ossuary:  ossuary_zaba_flooded

Action                   |  1- 3 |  4- 6 |  7- 9 || total
-------------------------+-------+-------+-------++-------
Melee: Unarmed           |    84 |   189 |   359 ||   632
  Use: Potion            |       |     6 |     2 ||     8
       Scroll            |       |       |    15 ||    15
 Stab: Sleeping          |     3 |     8 |    15 ||    26
       Distracted        |       |     1 |     2 ||     3
  Eat: Chunk             |     7 |    13 |    30 ||    50
       Meat ration       |       |       |     1 ||     1
